Match 19620514
Unlisted

Match 19620514
End
Construct Barracks
Selects Armored Battlegroup
Selects Assault Engineers
Assault Engineer Squad
Riflemen Squad
Riflemen Squad
Riflemen Squad
Infantry Support Center
Grenade Package
Construct Motor Pool
M8 Greyhound Armored Car
Selects Fast Deploy
Construct Medical Station
M8 Greyhound Armored Car
Assault Engineer Squad
M1 Anti-tank Gun Team
Selects M8 Scott SPG
Selects M4A3E8 Sherman Combat Group
AI Takeover
Invincible_Irish
MonoChrome
0
0

Comments sign in to comment!

No comments posted yet!